 Dungeon Crawl Stone Soup version 0.24.0-125-gc4c63601f3 (webtiles) character file.

Game seed: 3753288381427000522, levelgen mode: deterministic

5863 Frank2 the Basher (level 10, -4/84 HPs)
             Began as a Demonspawn Gladiator on Mar 7, 2020.
             Was a Follower of Ru.
             Slain by a queen ant (6 damage)
             ... on level 11 of the Dungeon.
             The game lasted 00:18:00 (11213 turns).

Frank2 the Basher (Demonspawn Gladiator)           Turns: 11213, Time: 00:18:01

Health: -4/84      AC: 11    Str: 14    XL:     10   Next: 52%
Magic:  0/13       EV: 15    Int: 10    God:    Ru [*.....]
Gold:   583        SH:  0    Dex: 20    Spells: 9/9 levels left

rFire    . . .     SeeInvis .   a - +2 flail
rCold    . . .     Gourm    .   (no shield)
rNeg     . . .     Faith    .   v - +3 ring mail {MR+}
rPois    .         Spirit   +   (helmet restricted)
rElec    .         Reflect  .   (no cloak)
rCorr    .         Harm     .   (no gloves)
MR       +....                  e - +1 pair of boots
Stlth    ++++......             k - amulet of guardian spirit
HPRegen  0.24/turn              s - ring of stealth
MPRegen  0.13/turn              (no ring)

@: lethally poisoned (-4 -> -53)
A: antennae 1, claws 2, thin skeletal structure 1, nightstalker 1, powered by
death 1, robust 1, hated by all
a: Renounce Religion


You were on level 11 of the Dungeon.
You worshipped Ru.
Ru was aware of your devotion.
You were not hungry.

You visited 2 branches of the dungeon, and saw 12 of its levels.

You collected 583 gold pieces.

Inventory:

Hand Weapons
 a - a +2 flail (weapon)
Missiles
 j - 3 throwing nets (quivered)
Armour
 c - a +0 helmet
 e - a +1 pair of boots (worn)
 v - a +3 ring mail of magic resistance (worn)
Jewellery
 k - an amulet of guardian spirit (around neck)
 s - a ring of stealth (left claw)
Wands
 h - a wand of iceblast (5)
 p - a wand of flame (32)
 q - a wand of disintegration (14)
Scrolls
 g - 4 scrolls of identify
 i - 4 scrolls of teleportation
 l - a scroll of remove curse
 m - 2 scrolls of amnesia
 n - a scroll of fear
 t - 2 scrolls of enchant weapon
 u - a scroll of blinking
Potions
 b - a potion of flight
 d - a potion of resistance
 o - a potion of haste
Comestibles
 f - 10 rations
 r - 9 chunks of flesh


   Skills:
 + Level 6.5 Fighting
 + Level 9.9 Maces & Flails
 - Level 1.7 Throwing
 + Level 6.0 Armour
 + Level 6.0 Dodging
 * Level 5.0 Evocations


You had 9 spell levels left.
You didn't know any spells.
Your spell library contained the following spells:

 Spells                   Type           Power        Failure   Level  Hunger
 Corona                   Hex            #......      56%         1    ##.....
 Pain                     Necr           #...         56%         1    ##.....
 Sandblast                Erth           #.....       56%         1    ##.....
 Ensorcelled Hibernation  Hex/Ice        #.....       71%         2    ###....
 Passwall                 Tmut/Erth      #.......     71%         2    ###....
 Confuse                  Hex            #.......     91%         3    ####...
 Dazzling Spray           Conj/Hex       #.....       91%         3    ####...
 Regeneration             Chrm/Necr      #.........   91%         3    ####...
 Stone Arrow              Conj/Erth      #.....       91%         3    ####...
 Tukima's Dance           Hex            #.......     91%         3    ####...
 Vampiric Draining        Necr           #.........   91%         3    ####...
 Petrify                  Tmut/Erth      #.......     100%        4    #####..
 Lee's Rapid Deconstruct  Erth           #.........   100%        5    ######.
 Animate Skeleton         Necr           Unusable     N/A         1    N/A
 Animate Dead             Necr           Unusable     N/A         4    N/A

Dungeon Overview and Level Annotations

Branches:
Dungeon (11/15)            Temple (1/1) D:5            Lair (0/6) D:8
    Orc: D:9-12

Altars:
Ashenzari
Cheibriados
Dithmenos
Elyvilon
Fedhas
Gozag
Hepliaklqana
Kikubaaqudgha
Makhleb
Nemelex Xobeh
Okawaru
Qazlal
Ru
Sif Muna
Trog
Uskayaw
Vehumet
Wu Jian
Xom
Yredelemnul
Zin
The Shining One

Shops:
D:10 [

Annotations:
D:3 1 runed translucent door, kalagan's ghost, amateur GrEE


Innate Abilities, Weirdness & Mutations

You have very sharp fingernails.
You have a somewhat thin skeletal structure. (Dex +2, Stealth)
You are slightly more attuned to the shadows.
You regenerate a little health from kills.
You are hated by all.
You have a pair of small antennae on your head.
You are robust. (+10% HP)


Message History

* * * LOW HITPOINT WARNING * * *
You feel very sick. The queen ant stings you!
* * * LOW HITPOINT WARNING * * *
You sock the queen ant!
The queen ant is severely wounded.
* * * LOW HITPOINT WARNING * * *
You feel very sick. The queen ant barely misses you.
You hit the queen ant but do no damage.
The queen ant is severely wounded.
* * * LOW HITPOINT WARNING * * *
You feel very sick.
Okay, then.
You hit the queen ant but do no damage.
The queen ant is severely wounded.
* * * LOW HITPOINT WARNING * * *
You feel very sick. The queen ant stings you!
You die...

... ## #.# . .##..
.##.# ##. ....#
#.#.# #.. ##...
#...#
....#a#.##...#
#.#a#.#.#...#####.#
#aa#..#...<).....#
#a##.##.#########
#@###.#.#
#.#.#.##.#
#.#.#....##
######.### #.# ..#
#.# ..# .#


You could see a queen ant and 4 worker ants.

Vanquished Creatures
  An ugly thing (D:7)
  Grinder (D:4)
  A spriggan (D:9)
  4 soldier ants (D:11)
  Duvessa (D:4)
  A water moccasin (D:9)
  2 ice beasts (D:7)
  3 orc warriors
  A black bear (D:9)
  A sky beast (D:8)
  5 ogres
  2 necrophages
  2 centaurs
  Blork the orc (D:5)
  2 big kobolds
  4 bullfrogs
  Dowan (D:4)
  4 scorpions
  4 killer bees (D:9)
  3 wights (D:7)
  2 howler monkeys
  2 crimson imps
  2 bullfrog zombies
  A centaur zombie (D:7)
  A quasit (D:6)
  2 bullfrog skeletons
  4 hounds
  3 jellies
  2 orc priests
  11 orc wizards
  2 centaur skeletons
  3 iguanas
  10 worker ants
  2 hound zombies
  9 adders
  7 gnolls
  4 shadow imps
  2 oozes
  2 adder zombies
  3 worms
  A dart slug (D:1)
  7 leopard geckos
  21 orcs
  6 giant cockroaches
  10 goblins
  9 hobgoblins
  12 jackals
  5 quokkas
  4 ball pythons
  17 bats
  3 frilled lizards
  A jackal skeleton (D:6)
  24 kobolds
  2 leopard gecko skeletons
  9 rats
249 creatures vanquished.

Vanquished Creatures (others)
  A two-headed ogre (D:9)
  2 bullfrogs
3 creatures vanquished.

Grand Total: 252 creatures vanquished

Notes
Turn   | Place    | Note
-------+----------+-------------------------------------------
     0 | D:1      | Frank2 the Demonspawn Gladiator began the quest for the
                  | Orb.
     0 | D:1      | Reached XP level 1. HP: 16/16 MP: 1/1
     5 | D:1      | Noticed a vampire
     6 | D:1      | Noticed a human
    14 | D:1      | Noticed a troll
    14 | D:1      | Noticed a spriggan
    66 | D:1      | Reached skill level 3 in Maces & Flails
    70 | D:1      | Gained mutation: You are slightly more attuned to the
                  | shadows. [demonic ancestry]
    70 | D:1      | Reached XP level 2. HP: 14/22 MP: 2/2
   490 | D:1      | Gained mutation: You have sharp fingernails. [demonic
                  | ancestry]
   490 | D:1      | Reached XP level 3. HP: 23/27 MP: 3/3
  1487 | D:2      | Gained mutation: You regenerate a little health from kills.
                  | [demonic ancestry]
  1487 | D:2      | Reached XP level 4. HP: 32/34 MP: 4/4
  1997 | D:3      | Reached skill level 1 in Armour
  2056 | D:3      | Found an iron altar of Okawaru.
  2057 | D:3      | Found a basalt altar of Yredelemnul.
  2067 | D:3      | Found a runed translucent door.
  2082 | D:3      | Noticed kalagan's ghost (amateur GrEE)
  2248 | D:3      | Found an ornate altar of the Wu Jian Council.
  2401 | D:3      | Reached skill level 4 in Maces & Flails
  2414 | D:3      | Reached XP level 5. HP: 21/39 MP: 5/5
  2918 | D:4      | Noticed Grinder
  2932 | D:4      | Gained mutation: You have a pair of small antennae on your
                  | head. [potion of mutation]
  2932 | D:4      | Gained mutation: You are robust. (+10% HP) [potion of
                  | mutation]
  2956 | D:4      | Paralysed by Grinder for 6 turns
  2968 | D:4      | Paralysed by Grinder for 2 turns
  2976 | D:4      | Killed Grinder
  2976 | D:4      | Gained mutation: You have a somewhat thin skeletal
                  | structure. (Dex +2, Stealth) [demonic ancestry]
  2976 | D:4      | Reached XP level 6. HP: 22/51 MP: 6/6
  3120 | D:4      | You fall into a shaft and drop 3 floors!
  3121 | D:7      | Noticed a cyan ugly thing
  3161 | D:7      | Found a bloodstained altar of Trog.
  3220 | D:6      | Reached skill level 5 in Maces & Flails
  3474 | D:5      | Entered Level 5 of the Dungeon
  3615 | D:5      | Found a staircase to the Ecumenical Temple.
  3633 | Temple   | Entered the Ecumenical Temple
  3765 | Temple   | Became a worshipper of Ru the Awakened
  3808 | D:5      | Noticed Blork the orc
  3817 | D:5      | Killed Blork the orc
  3817 | D:5      | Reached XP level 7. HP: 52/57 MP: 7/7
  4256 | D:4      | Found a glowing golden altar of the Shining One.
  4346 | D:4      | Reached skill level 6 in Maces & Flails
  4718 | D:4      | Noticed Dowan
  4720 | D:4      | Noticed Duvessa
  4742 | D:4      | Killed Duvessa
  4745 | D:4      | Reached XP level 8. HP: 51/66 MP: 8/8
  4757 | D:4      | Killed Dowan
  5523 | D:5      | Gained mutation: You are hated by all. [Ru sacrifice]
  5523 | D:5      | Reached * piety under Ru
  6097 | D:6      | Reached skill level 7 in Maces & Flails
  6726 | D:7      | Killed a cyan ugly thing
  6726 | D:7      | Reached skill level 5 in Fighting
  6726 | D:7      | Reached skill level 1 in Evocations
  6726 | D:7      | Reached XP level 9. HP: 30/74 MP: 8/10
  6917 | D:7      | Reached skill level 8 in Maces & Flails
  6917 | D:7      | Reached skill level 5 in Dodging
  8071 | D:8      | Reached skill level 5 in Armour
  8242 | D:8      | Found a blossoming altar of Fedhas.
  8511 | D:8      | Found a staircase to the Lair.
  8722 | D:8      | Reached skill level 9 in Maces & Flails
  9422 | D:9      | Noticed a two-headed ogre
  9427 | D:9      | Killed a two-headed ogre
  9427 | D:9      | Gained mutation: You have very sharp fingernails. [demonic
                  | ancestry]
  9427 | D:9      | Reached XP level 10. HP: 57/83 MP: 11/13
  9435 | D:9      | Found a radiant altar of Vehumet.
 10136 | D:10     | Entered Level 10 of the Dungeon
 10536 | D:10     | Found Xute's Antique Armour Shop.
 10707 | D:10     | HP: 4/83 [orc priest/divine providence (11)]
 11145 | D:11     | Reached skill level 5 in Evocations
 11191 | D:11     | Noticed a queen ant
 11213 | D:11     | HP: 2/84 [poisoned by a queen ant]
 11213 | D:11     | Slain by a queen ant

Levels and vault maps discovered:
D:1:      shiori_arrival_whats_in_store_for_you, layout_loops_ring,
          minmay_split_cup_small
D:2:      layout_basic, minivault_5, minmay_misc_feat_x
D:3:      layout_loops_corners, chequers_temple_overflow_statue_of_worship,
          lemuel_crystal_altar, ebering_ghost_sewer_d,
          hangedman_decor_slide_cut, chequers_serial_rivers_room_a
D:4:      layout_loops_ring, tso_metal_star, uniq_grinder, uniq_duvessa
D:5:      layout_basic, minmay_temple_entry_ruins, first_ration,
          uniq_blork_the_orc
D:6:      layout_gridville, hangedman_abyss_or_decor_lesser_grid
D:7:      kennysheep_big_flooded_room, layout_layer_cave, enter_bailey_2,
          trog_three_pillars_becter
D:8:      layout_loops_ring, lemuel_round_altar, dpeg_oklobed_lair
D:9:      layout_basic, vehumet_altar_wand_db, the_bakery
D:10:     layout_small_grid, serial_shops, shop
D:11:     layout_loops_corners, zombieorc2_lemuel, minmay_another_anthill
Temple:   eino_temple_rhombus

Skill      XL: |  1  2  3  4  5  6  7  8  9 10 |
---------------+-------------------------------+-----
Maces & Flails | 3 4 5 6 7 9 |  9.9
Dodging        | 3 4 5 6 |  6.0
Armour         | 1 2 3 4 5 6 |  6.0
Fighting       | 3 4 5 6 |  6.5
Evocations     | 1 4 5 |  5.0
Throwing       | |  1.7

Action                   |  1- 3 |  4- 6 |  7- 9 | 10-12 || total
-------------------------+-------+-------+-------+-------++-------
Melee: Flail             |   154 |   180 |   577 |   226 ||  1137
Throw: Throwing net      |       |     4 |     2 |       ||     6
Invok: Sacrifice Love    |       |       |     1 |       ||     1
       Reject Sacrifices |       |       |     1 |       ||     1
Evoke: Wand              |       |       |     5 |       ||     5
  Use: Scroll            |     1 |     2 |    18 |     4 ||    25
       Potion            |       |     4 |     5 |       ||     9
 Stab: Sleeping          |     5 |     6 |    16 |     6 ||    33
       Distracted        |       |     2 |       |       ||     2
       Held in net/web   |       |     2 |     1 |       ||     3
       Invisible         |       |       |     7 |       ||     7
  Eat: Chunk             |     2 |     5 |    14 |     3 ||    24
       Ration            |       |     1 |     1 |     1 ||     3
Armor: Leather armour    |    44 |     5 |       |       ||    49
       Ring mail         |       |    61 |   212 |    56 ||   329
       Skin              |       |    28 |       |       ||    28
Dodge: Dodged            |   137 |   133 |   406 |   131 ||   807
